 Dungeon Crawl Stone Soup version 0.30-a0-613-gdd512c7efb (webtiles) character file.

Game seed: 2098668407613082231

1218 brightshaft the Cudgeller (level 8, -10/93 HPs)
             Began as a Demonspawn Berserker on Jan 8, 2023.
             Was an Elder of Trog.
             Mangled by an ice devil (12 damage)
             ... summoned by a kobold demonologist
             ... on level 6 of the Dungeon.
             The game lasted 00:12:02 (5238 turns).

brightshaft the Cudgeller (Demonspawn Berserker)    Turns: 5238, Time: 00:12:03

Health: -10/93     AC:  8    Str: 21    XL:     8   Next: 22%
Magic:  8/8        EV: 12    Int:  8    God:    Trog [****..]
Gold:   798        SH:  0    Dex: 12    Spells: 7/7 levels left

rFire   . . .      SeeInvis .    C - +2 great mace (drain)
rCold   . . .      Faith    .    (shield currently unavailable)
rNeg    + . .      Spirit   .    e - +1 ring mail
rPois   .          Reflect  .    (helmet restricted)
rElec   .          Harm     .    E - +0 cloak
rCorr   .          Rampage  .    (no gloves)
Will    .....                    (no boots) Stlth
                                 (no amulet)
HPRegen 0.35/turn                D - ring of positive energy
MPRegen 0.11/turn                (no ring)

@: berserking, studying Shields, very quick
A: antennae 1, demonic guardian 1, weakness stinger 2, demonic touch 1
a: Renounce Religion, Berserk, Trog's Hand, Brothers in Arms


You were on level 6 of the Dungeon.
You worshipped Trog.
Trog was greatly pleased with you.
You visited 1 branch of the dungeon, and saw 6 of its levels.
You also visited: Ossuary.

You collected 1092 gold pieces.
You spent 294 gold pieces at shops.

Inventory:

Hand Weapons
 a - a +0 whip of electrocution
 b - a +0 flail of draining
 o - a +0 mace
 C - a +2 great mace of draining (weapon)
Armour
 c - a +0 leather armour
 e - a +1 ring mail (worn)
 y - a +0 chain mail
 E - a +0 cloak (worn)
Jewellery
 D - a ring of positive energy (left hand)
Wands
 z - a wand of digging (4)
Scrolls
 h - 5 scrolls of identify {@r1}
 l - 3 scrolls of magic mapping
 q - 2 scrolls of enchant armour
 r - a scroll of fear
 t - 4 scrolls of teleportation {@r4}
 u - 2 scrolls of vulnerability {unknown}
 x - 3 scrolls of fog {unknown}
 A - a scroll of blinking {unknown}
 B - a scroll of amnesia {unknown}
Potions
 d - 5 potions of heal wounds {unknown}
 f - 2 potions of brilliance {unknown}
 g - 4 potions of magic
 i - 2 potions of invisibility {unknown}
 j - 5 potions of lignification {unknown}
 k - 2 potions of degeneration {unknown}
 m - a potion of cancellation {unknown}
 p - a potion of mutation {unknown}
 s - 2 potions of might
 v - a potion of attraction {unknown}
 w - a potion of curing {unknown}


   Skills:
 + Level 5.3 Fighting
 * Level 6.3 Maces & Flails
 + Level 4.3 Armour
 + Level 4.3 Dodging


You had 7 spell levels left.
You didn't know any spells.
Your spell library was empty.

Dungeon Overview and Level Annotations

Branches:
Dungeon (6/15)             Temple (0/1) D:4         Ossuary (visited)

Altars:

Shops:
D:6 ((


Innate Abilities, Weirdness & Mutations

You have a pair of small antennae on your head.
A weak demonic guardian rushes to your aid.
You have a tail ending in a sharp stinger.
Your touch may inflict minor irresistible damage on your foes.


Message History

The kobold demonologist completely misses you.
The ice devil barely misses you.
The kobold demonologist hits you but does no damage.
The ice devil closely misses you.
You miss the kobold demonologist.
Your tail-slap misses the kobold demonologist.
The kobold demonologist completely misses you.
The ice devil hits you! The ice devil freezes you!
You are too injured to fight recklessly!
You are too injured to fight recklessly!
You are too injured to fight recklessly!
You hit the kobold demonologist. You drain the kobold demonologist.
The kobold demonologist is lightly wounded.
The kobold demonologist mumbles some strange words.
The ice devil hits you! The ice devil freezes you!!
* * * LOW HITPOINT WARNING * * *
A demonic guardian appears!
The kobold demonologist casts a spell.
Send 'em back where they came from!
Trog shields your ally from puny magic!
A red film seems to cover your vision as you go berserk!
You feel yourself moving faster!
You feel mighty! The ice devil misses you.
The kobold demonologist hits you with a +0 dagger.
* * * LOW HITPOINT WARNING * * *
You thump the kobold demonologist! You drain the kobold demonologist.
Your tail-slap misses the kobold demonologist.
The kobold demonologist is severely wounded.
The ice devil barely misses you.
Your iron imp hits the ice devil!
You hit the kobold demonologist.
The kobold demonologist is severely wounded.
The kobold demonologist casts a spell.
The ice devil closely misses you.
Your iron imp closely misses the ice devil.
You miss the kobold demonologist.
The kobold demonologist is severely wounded.
The kobold demonologist casts a spell.
The ice devil hits you!
* * * LOW HITPOINT WARNING * * *
The ice devil freezes you!
You die...

.........
#..###... ###
#..# . ..#
#..# #.# #..#
### #.# ...#
..# #5## ...#
#.# #55{ .#.#
#.# #K# ## #.#
#@# #
#.#####.###4#
#
##.........5.#
#
(........###.#
# ########.#
#.# #
#########.#
#.# #
#.........#
... ##
#.#######.#
#.. .# #.# #.#
.#.#


You could see an ice devil (summoned, ally target), a kobold demonologist
(drained), an iron imp (summoned), a quasit (summoned), an ufetubus (summoned)
and a friendly iron imp (summoned).

Vanquished Creatures
  A wraith (Ossuary)
  A black bear (D:6)
  2 ogres (D:5)
  A centaur (D:6)
  Blork the orc (D:5)
  A necrophage (D:5)
  2 hounds
  A jelly (D:5)
  A gnoll bouda (D:4)
  An iguana (D:6)
  3 orc wizards
  2 mummies
  6 adders
  5 gnolls (D:4)
  3 worms
  2 dart slugs
  9 orcs
  9 endoplasms
  4 giant cockroaches
  10 goblins
  7 hobgoblins
  2 jackals (D:5)
  4 quokkas
  11 ball pythons
  11 bats
  A frilled lizard (D:1)
  8 gnoll skeletons (Ossuary)
  A hobgoblin zombie (D:5)
  8 kobolds
  3 kobold skeletons (Ossuary)
  12 orc skeletons (Ossuary)
  2 orc zombies (D:5)
  4 rats (D:2)
139 creatures vanquished.

Vanquished Creatures (collateral kills)
  Menkaure (D:5)
  A hobgoblin zombie (D:5)
  A kobold skeleton (Ossuary)
  An orc skeleton (Ossuary)
  A rat (D:1)
5 creatures vanquished.

Vanquished Creatures (others)
  A plant (D:1)
1 creature vanquished.

Grand Total: 145 creatures vanquished

Notes
Turn   | Place    | Note
-------+----------+-------------------------------------------
     0 | D:1      | brightshaft the Demonspawn Berserker began the quest for
                  | the Orb.
     0 | D:1      | Reached XP level 1. HP: 18/18 MP: 1/1
   116 | D:1      | Gained mutation: A weak demonic guardian rushes to your
                  | aid. [demonic ancestry]
   116 | D:1      | Reached XP level 2. HP: 24/24 MP: 2/2
   129 | D:1      | Reached skill level 3 in Maces & Flails
   275 | D:1      | Reached ** piety under Trog
   474 | D:1      | Discovered your monstrous ancestry.
   474 | D:1      | Gained mutation: You have a pair of small antennae on your
                  | head. [demonic ancestry]
   474 | D:1      | Reached XP level 3. HP: 29/29 MP: 3/3
  1460 | D:2      | Reached XP level 4. HP: 32/35 MP: 4/4
  1712 | D:2      | Found a faded altar of an unknown god.
  1869 | D:3      | Identified a scroll of acquirement
  1869 | D:3      | Acquired 789 gold pieces
  2217 | D:3      | Reached *** piety under Trog
  2505 | D:3      | Gained mutation: You have a small tail. [demonic ancestry]
  2505 | D:3      | Reached XP level 5. HP: 42/42 MP: 5/5
  2618 | D:4      | Found a sand-covered staircase.
  2623 | Ossuary  | Entered an ossuary
  2623 | Ossuary  | Noticed a wraith
  2623 | Ossuary  | Noticed a wraith
  2623 | Ossuary  | Noticed a wraith
  2647 | Ossuary  | Reached skill level 4 in Maces & Flails
  2704 | Ossuary  | Noticed a wraith
  2713 | Ossuary  | Killed a wraith
  2714 | Ossuary  | Gained mutation: You have a tail ending in a sharp stinger.
                  | [demonic ancestry]
  2714 | Ossuary  | Reached XP level 6. HP: 39/48 MP: 6/6
  3039 | D:4      | Found a staircase to the Ecumenical Temple.
  3058 | D:4      | Reached **** piety under Trog
  3716 | D:5      | Entered Level 5 of the Dungeon
  3885 | D:5      | Reached skill level 5 in Maces & Flails
  3885 | D:5      | Gained mutation: Your touch may inflict minor irresistible
                  | damage on your foes. [demonic ancestry]
  3885 | D:5      | Reached XP level 7. HP: 55/55 MP: 7/7
  4030 | D:5      | Noticed Menkaure
  4047 | D:5      | Killed Menkaure
  4229 | D:5      | Noticed Blork the orc
  4241 | D:5      | Killed Blork the orc
  4560 | D:5      | Reached skill level 5 in Fighting
  4775 | D:6      | Reached skill level 6 in Maces & Flails
  4775 | D:6      | Reached XP level 8. HP: 51/62 MP: 8/8
  4920 | D:6      | Found Qovoob's Antique Weapon Boutique.
  4923 | D:6      | Bought a glowing great mace for 294 gold pieces
  5120 | D:6      | Found Nedeq's Weapon Emporium.
  5226 | D:6      | Noticed a kobold demonologist
  5230 | D:6      | Noticed an ice devil
  5238 | D:6      | HP: 2/93 [ice devil[a kobold demonologist] (7)]
  5238 | D:6      | Mangled by an ice devil

Illustrated notes

Levels and vault maps discovered:
D:1:      roderic_crop_circles_arrival_small, layout_basic
D:2:      layout_basic, dreamdust_ecumenical_altar_angels_and_demons
D:3:      layout_loops_cross, grunt_decor_mini_mirrors
D:4:      layout_cave_pods, minmay_temple_entry_mini_moons, enter_ossuary_2
D:5:      layout_layer_cave, minmay_mini_ossuary, uniq_blork_the_orc,
          uniq_menkaure
D:6:      layout_loops_ring, nicolae_gozag_seed_capital,
          nemelex_diamond_rough_becter, serial_shops,
          nicolae_shop_bloodbath_and_beyond, nicolae_shop_behind_doors,
          shop_fountains, st_stairs_6, kennysheep_windowed_goal

Skill      XL: |  1  2  3  4  5  6  7 |
---------------+----------------------+-----
Armour         | 2 3 4 |  4.3
Dodging        | 2 3 4 |  4.3
Maces & Flails | 3 4 5 6 |  6.3
Fighting       | 4 5 |  5.3

Action                   |  1- 3 |  4- 6 |  7- 9 || total
-------------------------+-------+-------+-------++-------
Melee: Mace              |   136 |    35 |       ||   171
       Whip              |       |   138 |    48 ||   186
       Flail             |       |    11 |     3 ||    14
       Tailslap          |       |    16 |    12 ||    28
       Punch             |       |     1 |     1 ||     2
       Touch             |       |       |    11 ||    11
       Great mace        |       |       |    14 ||    14
Throw: Throwing net      |       |       |     1 ||     1
Invok: Berserk           |     1 |     5 |     2 ||     8
       Trog's Hand       |       |       |     1 ||     1
  Use: Scroll            |     3 |     8 |       ||    11
Armor: Leather armour    |    17 |       |       ||    17
       Ring mail         |    40 |    56 |     2 ||    98
       Chain mail        |       |    20 |    19 ||    39
Dodge: Dodged            |   110 |   100 |    38 ||   248

Table legend: (Time is in decaauts)
 A = Elapsed time spent in this place.
 B = Non-inter-level travel time spent in this place.
 C = Inter-level travel time spent in this place.
 D = Time resting spent in this place.
 E = Time spent auto-exploring this place.
 F = Levels seen in this place.
 G = Mean time per level.
                   A        B        C        D        E       F      G
               +--------+--------+--------+--------+--------+-----+--------+
         Total |   5311 |   5091 |    220 |    100 |   3846 |   7 |  758.7 |
       Dungeon |   5035 |   4815 |    220 |    100 |   3739 |   6 |  839.2 |
       Ossuary |    276 |    276 |      0 |      0 |    107 |   1 |  276.0 |
               +--------+--------+--------+--------+--------+-----+--------+

Top non-repeatable levels by time:
     D:5: 1054 daAuts
     D:2: 1003 daAuts
     D:4: 923 daAuts
     D:3: 808 daAuts
     D:1: 767 daAuts
     D:6: 476 daAuts
 Ossuary: 276 daAuts
